 Dungeon Crawl Stone Soup version 0.25-a0-822-g6581751b11 (webtiles) character file.

Game seed: 4026706838599976160, levelgen mode: deterministic

71 unvid the Shield-Bearer (level 4, -10/31 HPs)
             Began as an Octopode Fighter on Apr 20, 2020.
             Killed from afar by Ijyb (15 damage)
             ... with a bolt of acid
             ... on level 3 of the Dungeon.
             The game lasted 00:03:04 (2689 turns).

unvid the Shield-Bearer (Octopode Fighter)          Turns: 2689, Time: 00:03:04

Health: -10/31     AC:  1    Str: 15    XL:     4   Next: 24%
Magic:  4/4        EV: 11    Int: 11    God:
Gold:   122        SH:  9    Dex: 11    Spells: 3/3 levels left

rFire    . . .     SeeInvis .   b - +0 long sword (holy)
rCold    . . .     Gourm    .   q - +0 kite shield
rNeg     . . .     Faith    .   (helmet restricted)
rPois    .         Spirit   .   (no amulet)
rElec    .         Reflect  .   (no ring)
rCorr    .         Harm     .   (no ring)
MR       .....                  (no ring)
Stlth    +++.......             (no ring)
HPRegen  0.10/turn              (no ring)
MPRegen  0.09/turn              (no ring)
                                (no ring)
                                (no ring)

@: no status effects
A: almost no armour, stealthy swim, amphibious, 8 rings, constrict 8, camouflage
1, gelatinous body 1
a: no special abilities


You were on level 3 of the Dungeon.
You were not hungry.

You visited 1 branch of the dungeon, and saw 3 of its levels.

You collected 122 gold pieces.

Inventory:

Hand Weapons
 a - a +0 long sword
 b - a +0 long sword of holy wrath (weapon)
Missiles
 i - 119 stones (quivered)
Armour
 q - a +0 kite shield (worn)
Scrolls
 f - 2 scrolls of blinking {unknown}
 g - 3 scrolls of identify {unknown}
 h - 2 scrolls of teleportation {unknown}
 j - a scroll of remove curse {unknown}
 l - a scroll of immolation {unknown}
 p - 2 scrolls of amnesia {unknown}
Potions
 c - a potion of might
 e - 3 potions of degeneration {unknown}
 k - a potion of berserk rage {unknown}
 m - 2 potions of lignification {unknown}
 n - 4 potions of curing {unknown}
Comestibles
 d - 3 rations


   Skills:
 - Level 3.0 Fighting
 + Level 2.9 Long Blades
 - Level 3.0 Dodging
 + Level 3.0 Stealth
 + Level 3.7 Shields


You had 3 spell levels left.
You didn't know any spells.
Your spell library was empty.

Dungeon Overview and Level Annotations

Branches:
Dungeon (3/15)

Altars:
Dithmenos
Hepliaklqana
Ru
Trog

Annotations:
D:3 Ijyb, Natasha


Innate Abilities, Weirdness & Mutations

You cannot wear most types of armour.
You are very stealthy in the water. (Stealth+)
You are amphibious.
You can wear up to eight rings at the same time.
You can use your tentacles to constrict eight enemies at once.
Your skin changes colour to match your surroundings (Stealth+).
Your rubbery body absorbs attacks. (AC +1, EV +1)


Message History

A goblin is nearby!
A goblin is nearby!
You see here a plate armour.
You are feeling hungry.
The helpless goblin fails to defend itself.
You hit the goblin.
You kill the goblin!
No target in view!
Eating a chunk of flesh.
You eat the chunk of flesh.
This raw flesh tastes terrible.
Ijyb the Twisted Goblin comes into view.
She is carrying a wand of acid (13).
Ijyb shouts!
Ijyb zaps a wand.
The bolt of acid hits you!!
Ouch! That really hurt!
You are splashed with acid!
* * * LOW HITPOINT WARNING * * *
Ijyb is nearby!
Ijyb is nearby!
Ijyb zaps a wand.
The bolt of acid hits you!
You die...

#. #....... #.
#....... #.
#....... #g
#....... #"
#....... #.
........ ##.##
###..... #...#
#h.b.. ##.@# #/.#..
##.## #..#.>
########...##
#..#..
............#
#..#..
########....#####.#
#..#.. ##[#.......#
#.....
#.############.#..
#.###..........#..
#.....#########...


You could see Ijyb.

Vanquished Creatures
  An adder (D:2)
  A worm (D:2)
  5 giant cockroaches
  11 goblins
  8 hobgoblins
  4 jackals (D:1)
  A quokka (D:3)
  A ball python (D:2)
  4 bats
  2 frilled lizards (D:1)
  7 kobolds
  8 rats
53 creatures vanquished.

Notes
Turn   | Place    | Note
-------+----------+-------------------------------------------
     0 | D:1      | unvid the Octopode Fighter began the quest for the Orb.
     0 | D:1      | Reached XP level 1. HP: 16/16 MP: 1/1
    37 | D:1      | Reached skill level 1 in Stealth
    39 | D:1      | Reached XP level 2. HP: 9/21 MP: 2/2
   636 | D:1      | Reached XP level 3. HP: 26/26 MP: 3/3
  1320 | D:2      | Found a sacrificial altar of Ru.
  1399 | D:2      | Found a bloodstained altar of Trog.
  1876 | D:2      | Reached XP level 4. HP: 30/31 MP: 4/4
  1958 | D:2      | Found a hazy altar of Hepliaklqana.
  2094 | D:2      | Found a shadowy altar of Dithmenos.
  2567 | D:3      | Noticed Natasha
  2686 | D:3      | Noticed Ijyb
  2689 | D:3      | Killed from afar by Ijyb

Levels and vault maps discovered:
D:1:      elethiomel_arrival_maze, layout_basic, serial_rivers,
          chequers_serial_rivers_micro_e, chequers_serial_rivers_room_b,
          chequers_serial_rivers_micro_d, chequers_serial_rivers_micro_d,
          minmay_split_cup_small
D:2:      layout_basic, overflow_temple_1_default,
          lemuel_coloured_pillars_altar, lemuel_crystal_altar,
          nicolae_ru_sacrificial_ziggurat
D:3:      layout_loops_ring, uniq_sigmund, uniq_ijyb, uniq_crazy_yiuf_cottage,
          uniq_natasha

Skill      XL: |  1  2  3  4 |
---------------+-------------+-----
Stealth        | 1 2 3 |  3.0
Fighting       | |  3.0
Long Blades    | |  2.9
Dodging        | |  3.0
Shields        | |  3.7

Action                   |  1- 3 |  4- 6 || total
-------------------------+-------+-------++-------
Melee: Long sword        |    69 |    11 ||    80
       Constrict         |    20 |     3 ||    23
       Tentacles         |    11 |     2 ||    13
Throw: Stone             |    18 |       ||    18
 Stab: Sleeping          |     6 |     5 ||    11
  Eat: Chunk             |     2 |     4 ||     6
Armor: Skin              |     2 |     1 ||     3
Dodge: Dodged            |    29 |     2 ||    31
Block: Kite shield       |    19 |     5 ||    24
       Rpst.: Long sword |    12 |       ||    12

Table legend:
 A = Non-vault XP
 B = Vault XP
 C = Vault XP percentage of total XP
 D = Non-vault monster count
 E = Vault monster count
 F = Vault count percentage of total count
                 A         B        C        D         E       F
            +---------+---------+-------+---------+---------+-------
      Total |      97 |       5 |   4.9 |      50 |       3 |   5.7
            +---------+---------+-------+---------+---------+-------
        D:1 |      49 |       5 |   9.3 |      29 |       3 |   9.4
        D:2 |      42 |       0 |   0.0 |      17 |       0 |   0.0
        D:3 |       6 |       0 |   0.0 |       4 |       0 |   0.0
            +---------+---------+-------+---------+---------+-------
